 Dungeon Crawl Stone Soup version 0.18-a0-1006-g6b5bfb2 (console) character file.

14 FIQ the Conjurer (level 2, 0/22 HPs)
             Began as a Demonspawn Wanderer on Jan 6, 2016.
             Slain by a hobgoblin
             ... wielding a +0 club
              (2 damage)
             ... on level 1 of the Dungeon.
             The game lasted 00:05:02 (787 turns).

FIQ the Conjurer (Demonspawn Wanderer)               Turns: 787, Time: 00:05:02

Health: 0/22       AC:  2    Str:  9    XL:     2   Next: 31%
Magic:  4/4        EV: 11    Int: 18    God:
Gold:   11         SH:  0    Dex: 10    Spells: 1 memorised, 2 levels left

rFire  . . .     SeeInvis .     d - +0 dagger
rCold  . . .     Gourm    .     e - +0 robe
rNeg   . . .     Faith    .     (no shield)
rPois  .         Spirit   .     (no helmet)
rElec  .         Dismiss  .     (no cloak)
rCorr  .         Reflect  .     (no gloves)
SustAt .         Harm     .     (no boots)
MR     .....                    (no amulet)
Stlth  ++........               (no ring)
                                (no ring)

@: not resistant to hostile enchantments, unstealthy
A: talons 1
a: no special abilities


You were on level 1 of the Dungeon.
You were not hungry.

You visited 1 branch of the dungeon, and saw 1 of its levels.

You collected 11 gold pieces.

Inventory:

Hand Weapons
 d - a +0 dagger (weapon)
Armour
 c - a +0 ring mail
 e - a +0 robe (worn)
Scrolls
 g - a scroll of identify {unknown}
Books
 a - a book of Conjurations

   Spells                             Type                      Level
   a - Magic Dart                     Conjuration                  1
   b - Searing Ray                    Conjuration                  2
   c - Dazzling Spray                 Conjuration/Hexes            3
   d - Fulminant Prism                Conjuration/Hexes            4
   e - Iskenderun's Mystic Blast      Conjuration                  4
   f - Iskenderun's Battlesphere      Conjuration/Charms           5
Comestibles
 b - a beef jerky
 f - a bread ration
 h - 4 chunks of flesh


   Skills:
 - Level 2.0 Fighting
 - Level 2.7 Armour
 - Level 1.7 Stealth
 + Level 1.6 Spellcasting
 - Level 3.0 Conjurations


You had 2 spell levels left.
You knew the following spells:

 Your Spells              Type           Power        Failure   Level  Hunger
a - Searing Ray           Conj           ##....       12%         2    ###....


Dungeon Overview and Level Annotations

Branches:
Dungeon (1/15)

Altars:


Innate Abilities, Weirdness & Mutations

You have sharp toenails.


Message History

The giant newt bites you but does no damage.
You hit the giant newt but do no damage.
The giant newt is heavily wounded.
The giant newt bites you but does no damage.
You closely miss the giant newt. Your kick misses the giant newt.
The giant newt is heavily wounded.
The giant newt barely misses you.
You closely miss the giant newt.
The giant newt is heavily wounded.
The giant newt completely misses you.
You miss the giant newt.
The giant newt is heavily wounded.
The giant newt completely misses you.
You hit the giant newt.
You kill the giant newt!
You hit the hobgoblin but do no damage. The hobgoblin closely misses you.
You closely miss the hobgoblin. The hobgoblin hits you with a club.
* * * LOW HITPOINT WARNING * * *
You closely miss the hobgoblin. The hobgoblin hits you with a club.
You die...

)........... .#.((.####
.#.##..# ...###.# ..## #.# .##
#)# ###### (# #.###
#....########## .# #...###
#.##..........#
########...####.##..........#
................##..........#
######..........@gl.........##
# #.....#.#.###...........## #
##.....#.....# ###..........#
#....>...##...## #..........#
.....##..##...# #....>.....#
#........###... #..........#
..##.#### #..## .............#
#.# # ...# ###.........## .#
#..........# # #..........#
#..........#


You could see a hobgoblin and a giant newt.

Vanquished Creatures
  An ooze (D:1)
  A giant gecko (D:1)
  2 bats (D:1)
  A goblin (D:1)
  2 giant newts (D:1)
  2 kobolds (D:1)
  2 rats (D:1)
11 creatures vanquished.

Notes
Turn   | Place    | Note
--------------------------------------------------------------
     0 | D:1      | FIQ the Demonspawn Wanderer began the quest for the Orb.
     0 | D:1      | FIQ set off with: a book of Conjurations, a potion of lignification, a +0 ring mail, a +0 dagger, a bread ration
     0 | D:1      | Reached XP level 1. HP: 16/16 MP: 1/1
   394 | D:1      | Reached skill level 1 in Spellcasting
   394 | D:1      | Gained mutation: You have sharp toenails. [demonic ancestry]
   394 | D:1      | Reached XP level 2. HP: 1/22 MP: 4/4
   398 | D:1      | Learned a level 2 spell: Searing Ray
   787 | D:1      | Slain by a hobgoblin

Vault maps used:
D:1:      minmay_arrival_widening_spiral_wide

Action                   || total
-------------------------++-------
Melee: Dagger            ||    52
  Use: Potion            ||     1
